 Dungeon Crawl Stone Soup version 0.28-a0-474-g535839065c (webtiles) character file.

Game seed: 7707980073438482832

378 spiderkeys the Skirmisher (level 6, -13/43 HPs)
             Began as an Octopode Abyssal Knight on Sept 15, 2021.
             Was a Believer of Lugonu.
             Killed from afar by a steam dragon (18 damage)
             ... with a ball of steam
             ... on level 4 of the Dungeon.
             The game lasted 00:07:56 (4048 turns).

spiderkeys the Skirmisher (Octopode Abyssal Knight) Turns: 4048, Time: 00:07:57

Health: -13/43     AC:  8    Str: 16    XL:     6   Next: 74%
Magic:  8/8        EV: 14    Int: 14    God:    Lugonu [**....]
Gold:   194        SH:  0    Dex: 17    Spells: 5/5 levels left

rFire   . . .      SeeInvis .   d - +0 halberd (protect)
rCold   + . .      Faith    .   (shield currently unavailable)
rNeg    . . .      Spirit   .   (helmet restricted)
rPois   .          Reflect  .   (no amulet)
rElec   .          Harm     .   C - ring of protection from cold
rCorr   .          Rampage  .   k - ring "Jaoscho" {Wiz +Blink Str+2 Dex+6}
Will    .....                   (no ring)
Stlth   ++++......              (no ring)
HPRegen 0.14/turn               (no ring)
MPRegen 0.11/turn               (no ring)
                                (no ring)
                                (no ring)

@: under a protective aura
A: almost no armour, amphibious, 8 rings, camouflage 1, gelatinous body 1,
(nimble swimmer 1), tentacles
a: Renounce Religion, Evoke Blink, Depart the Abyss, Bend Space


You were on level 4 of the Dungeon.
You worshipped Lugonu.
Lugonu was pleased with you.
You visited 1 branch of the dungeon, and saw 4 of its levels.
You visited the Abyss 1 time.

You collected 194 gold pieces.


Innate Abilities, Weirdness & Mutations

You cannot wear most types of armour.
You are amphibious.
You can wear up to eight rings at the same time.
Your skin changes colour to match your surroundings (Stealth+).
Your rubbery body absorbs attacks. (AC +1, EV +1)
((You are camouflaged near water. (Stealth+)))
You have tentacles for arms and can constrict up to eight enemies at once.


   Skills:
 + Level 4.1 Fighting
 + Level 3.5 Polearms
 + Level 3.7 Dodging
 + Level 3.8 Stealth
 + Level 3.8 Invocations


You had 5 spell levels left.
You didn't know any spells.
Your spell library contained the following spells:

 Spells                   Type           Power      Damage    Failure   Level
 Ensorcelled Hibernation  Hex/Ice        0%         N/A       17%         2
 Tukima's Dance           Hex            0%         N/A       32%         3

Inventory:

Hand Weapons
 a - a +1 spear of flaming
 d - a +0 halberd of protection (weapon)
   (You found it on level 2 of the Abyss)
 e - the +1 hand crossbow of the Well-Known Beasts {freeze, Str+3}
   (You found it on level 3 of the Abyss)

   Any ammunition fired from it freezes those it strikes, dealing additional
   cold damage.
   It can also slow down cold-blooded creatures.
   Str:       It affects your strength (+3).
Missiles
 i - 2 throwing nets {=f!f}
 j - 13 poisoned darts
 l - 27 arrows
 m - 58 stones
Jewellery
 k - the ring "Jaoscho" (right tentacle) {Wiz +Blink Str+2 Dex+6}
   (You acquired it on level 4 of the Dungeon)

   [ring of wizardry]

   It improves your spell success rate.
   Str:       It affects your strength (+2).
   Dex:       It affects your dexterity (+6).
   +Blink:    It lets you blink.
 C - a ring of protection from cold (left tentacle)
   (You found it on level 2 of the Dungeon)
Wands
 o - a wand of paralysis (11)
   (You found it on level 2 of the Dungeon)
 t - a wand of polymorph (10)
   (You took it off Crazy Yiuf on level 3 of the Dungeon)
Scrolls
 b - 4 scrolls of teleportation {@r4}
Potions
 c - a potion of heal wounds {unknown}
 f - 2 potions of lignification {unknown}
 g - a potion of curing {unknown}
 h - a potion of brilliance {unknown}
 n - a potion of might {unknown}
 p - a potion of flight {unknown}
 q - a potion of mutation {unknown}
 r - 2 potions of attraction {unknown}

Dungeon Overview and Level Annotations

Branches:
Dungeon (4/15)             Temple (0/1) D:4

Altars:

.... ....
.....
.....
......
......###
.....OD>#
#@# #.#
#)# #.#
#.# #.#
######
#.#
.....#
#.#
.#.#.#
#.#


You could see a steam dragon (catching breath) and an ogre.


Message History

You see here a giant cockroach corpse.
You hear the drain falling apart.
Found a glowing drain.
The drain falls to bits.
You see here a giant cockroach corpse.
You see here a giant cockroach corpse.
You see here a giant cockroach corpse.
You see here a worm corpse.
Found a staircase to the Ecumenical Temple.
A hound skeleton comes into view.
A hound skeleton is nearby!
You reach to attack!
You hit the hound skeleton.
Your weapon exudes an aura of protection.
The hound skeleton misses you.
You barely miss the hound skeleton. You grab the hound skeleton.
You squeeze the hound skeleton. You constrict the hound skeleton.
The hound skeleton misses you. The hound skeleton closely misses you.
You hit the hound skeleton. You squeeze the hound skeleton.
You constrict the hound skeleton.
You destroy the hound skeleton!
Lugonu accepts your kill.
You now have 194 gold pieces (gained 14).
An orc comes into view. It is wielding a +0 falchion.
The orc shouts!
An orc is nearby!
An orc is nearby!
An orc is nearby!
You reach to attack!
You puncture the orc!
Your weapon exudes an aura of protection.
You kill the orc!
Lugonu accepts your kill.
No target in view!
No target in view!
There is a staircase to the Ecumenical Temple here.
Things that are here:
a +0 falchion; an orc corpse Key pressed, stopping explore.
An ogre comes into view. It is wielding a +0 giant club.
An ogre is nearby!
Found a stone staircase leading down.
You puncture the ogre!
Your weapon exudes an aura of protection.
The ogre closely misses you.
You puncture the ogre! The ogre barely misses you.
You hit the ogre. The ogre misses you.
You slash the ogre!
You kill the ogre!
Lugonu accepts your kill.
No target in view!
Things that are here:
a +0 giant club; an ogre corpse A steam dragon comes into view.
A steam dragon is nearby!
A steam dragon is nearby!
A steam dragon is nearby!
You reach to attack!
The helpless steam dragon fails to defend itself.
You hit the steam dragon but do no damage.
You closely miss the steam dragon. The steam dragon breathes steam at you.
The ball of steam misses you.
You hear a shout!
You barely miss the steam dragon. You squeeze the steam dragon!
You are engulfed in a cloud of scalding steam.
The steam dragon closely misses you. x2; The steam dragon barely misses you.
The steam dragon misses you. 😕 HP[-1]
You take 1 damage, and now have 42/43 hp.
You slash the steam dragon!
Your weapon exudes an aura of protection.
You squeeze the steam dragon, but do no damage.
You are engulfed in a cloud of scalding steam.
An ogre comes into view. It is wielding a +0 giant club.
The steam dragon closely misses you. The steam dragon misses you. 😕 HP[-9]
You take 9 damage, and now have 33/43 hp.
MASSIVE DAMAGE!! (PAUSE)
You hit the steam dragon but do no damage.
You are engulfed in a cloud of scalding steam.
The steam dragon closely misses you. The steam dragon misses you.
You hit the steam dragon but do no damage.
The steam dragon barely misses you. The steam dragon claws you. 😮 HP[-1]
You take 1 damage, and now have 32/43 hp.
You hit the steam dragon. The steam dragon breathes steam at you.
The ball of steam hits you!
* * * LOW HITPOINT WARNING * * *
The steam dragon bites you but does no damage.
The steam dragon claws you.
* * * LOW HITPOINT WARNING * * *
😨 HP[-19]
You take 19 damage, and now have 13/43 hp.
MASSIVE DAMAGE!! (PAUSE)
You barely miss the steam dragon. Your squeeze misses the steam dragon.
You are engulfed in a cloud of scalding steam.
* * * LOW HITPOINT WARNING * * *
The steam dragon breathes steam at you. The ball of steam hits you!!
You die...

Skill      XL: |  1  2  3  4  5 |
---------------+----------------+-----
Stealth        | 1 2 3 |  3.8
Dodging        | 3 |  3.7
Invocations    | 3 |  3.8
Polearms       | 3 |  3.5
Fighting       | 4 |  4.1

Action                   |  1- 3 |  4- 6 || total
-------------------------+-------+-------++-------
Melee: Tentacles         |     8 |    18 ||    26
       Spear             |     1 |       ||     1
       Halberd           |    80 |   130 ||   210
       Constrict         |    19 |    30 ||    49
Invok: Depart the Abyss  |     1 |       ||     1
  Use: Scroll            |     3 |     5 ||     8
 Stab: Sleeping          |     4 |    18 ||    22
Armor: Skin              |    23 |    32 ||    55
Dodge: Dodged            |    72 |    91 ||   163

Levels and vault maps discovered:
D:1:      dpeg_arrival_brainrot, layout_basic
D:2:      layout_loops_ring
D:3:      layout_loops_cross, ebering_ecumenical_altar_mist,
          uniq_crazy_yiuf_cottage
D:4:      layout_basic, cheibrodos_worm_habitat,
          nicolae_qazlal_eye_of_the_storm, temple_fountains,
          gup_sewer_entry_spiral, guppyfry_early_lair_pool

Notes
Turn   | Place    | Note
-------+----------+-------------------------------------------
     0 | Abyss:1  | spiderkeys the Octopode Abyssal Knight began the quest for
                  | the Orb.
     0 | Abyss:1  | Reached XP level 1. HP: 16/16 MP: 2/2
     0 | Abyss:1  | magus.rc [v1.9.10]
    22 | Abyss:1  | Found a corrupted altar of Lugonu.
    26 | Abyss:1  | Reached XP level 2. HP: 21/21 MP: 3/3
    59 | Abyss:1  | Found a corrupted altar of Lugonu.
    67 | Abyss:1  | Noticed a large abomination
    98 | Abyss:2  | Noticed a tentacled starspawn
   121 | Abyss:3  | Identified the +1 hand crossbow of the Well-Known Beasts
                  | {freeze, Str+3}
   127 | Abyss:3  | Noticed a mana viper
   131 | D:1      | You pass through the gate.
   131 | D:1      | Escaped the Abyss
   355 | D:1      | Reached skill level 1 in Stealth
   355 | D:1      | Reached XP level 3. HP: 13/26 MP: 4/4
   645 | D:1      | Reached * piety under Lugonu
  1391 | D:2      | Reached XP level 4. HP: 24/31 MP: 4/6
  1781 | D:2      | Reached skill level 3 in Dodging
  1781 | D:2      | Reached skill level 2 in Stealth
  2496 | D:3      | Found a runed translucent door.
  2497 | D:3      | Noticed Crazy Yiuf
  2551 | D:3      | Reached ** piety under Lugonu
  2552 | D:3      | Reached skill level 3 in Invocations
  2574 | D:3      | Found a faded altar of an unknown god.
  3002 | D:3      | Killed Crazy Yiuf
  3003 | D:3      | Reached XP level 5. HP: 13/36 MP: 7/7
  3215 | D:4      | Reached skill level 3 in Polearms
  3263 | D:4      | Reached skill level 3 in Stealth
  3313 | D:4      | Identified a scroll of acquirement
  3313 | D:4      | Acquired the ring "Jaoscho" {Wiz +Blink Str+2 Dex+6}
  3511 | D:4      | Reached skill level 4 in Fighting
  3511 | D:4      | Reached XP level 6. HP: 26/43 MP: 8/8
  3879 | D:4      | You pick up a book of Maledictions and begin reading...
  3879 | D:4      | You add the spells Ensorcelled Hibernation and Tukima's
                  | Dance to your library.
  3941 | D:4      | Found a glowing drain.
  3982 | D:4      | Found a staircase to the Ecumenical Temple.
  4039 | D:4      | Noticed a steam dragon
  4048 | D:4      | HP: 5/43 [steam dragon] (8)]
  4048 | D:4      | Killed from afar by a steam dragon

Vanquished Creatures
  An ogre (D:4)
  A scorpion (D:4)
  A hound (D:4)
  Crazy Yiuf (D:3)
  A hound skeleton (D:4)
  8 adders
  A white imp (Abyss:1)
  An adder skeleton (D:4)
  2 worms
  2 orcs (D:4)
  11 bats
  2 endoplasms
  8 giant cockroaches
  7 hobgoblins
  4 jackals (D:3)
  9 kobolds
  3 quokkas
  5 ball pythons
  5 frilled lizards
  5 goblins
  6 rats
84 creatures vanquished.

Vanquished Creatures (others)
  7 plants (D:4)
  A starspawn tentacle (Abyss:2)
8 creatures vanquished.

Grand Total: 92 creatures vanquished

Table legend:
 A = Non-vault XP
 B = Vault XP
 C = Vault XP percentage of total XP
 D = Non-vault monster count
 E = Vault monster count
 F = Vault count percentage of total count
                 A         B        C        D         E       F
            +---------+---------+-------+---------+---------+-------
      Total |     442 |      98 |  18.1 |      73 |      11 |  13.1
            +---------+---------+-------+---------+---------+-------
        D:1 |      45 |       4 |   8.2 |      29 |       1 |   3.3
        D:2 |      69 |       0 |   0.0 |      13 |       0 |   0.0
        D:3 |      25 |      39 |  60.9 |      15 |       1 |   6.2
        D:4 |     293 |      55 |  15.8 |      15 |       9 |  37.5
    Abyss:1 |      10 |       0 |   0.0 |       1 |       0 |   0.0
            +---------+---------+-------+---------+---------+-------

Illustrated notes

Table legend:
 A = Kills in this place as a percentage of kills in entire the game.
 B = Kills by you in this place as a percentage of kills by you in the entire game.
 C = Kills by friends in this place as a percentage of kills by friends in the entire game.
 D = Other kills in this place as a percentage of other kills in the entire game.
 E = Experience gained in this place as a percentage of experience gained in the entire game.
 F = Experience gained in this place divided by the number of levels of this place that you have seen.
                   A       B       C       D       E      F
               +-------+-------+-------+-------+-------+----------------------
         Total | 100.0 | 100.0 |   N/A |   N/A | 100.0 |  77.1
       Dungeon |  98.8 |  98.8 |   N/A |   N/A |  98.1 | 132.5
         Abyss |   1.2 |   1.2 |   N/A |   N/A |   1.9 |   3.3
               +-------+-------+-------+-------+-------+----------------------

Table legend: (Time is in decaauts)
 A = Elapsed time spent in this place.
 B = Non-inter-level travel time spent in this place.
 C = Inter-level travel time spent in this place.
 D = Time resting spent in this place.
 E = Time spent auto-exploring this place.
 F = Levels seen in this place.
 G = Mean time per level.
                   A        B        C        D        E       F      G
               +--------+--------+--------+--------+--------+-----+--------+
         Total |   4120 |   4021 |     99 |      6 |   3040 |   7 |  588.6 |
       Dungeon |   3989 |   3890 |     99 |      6 |   3025 |   4 |  997.2 |
         Abyss |    130 |    130 |      0 |      0 |     15 |   3 |   43.3 |
               +--------+--------+--------+--------+--------+-----+--------+

Top non-repeatable levels by time:
     D:1: 1135 daAuts
     D:3: 1072 daAuts
     D:2: 920 daAuts
     D:4: 860 daAuts
 Abyss:1: 78 daAuts
 Abyss:3: 26 daAuts
 Abyss:2: 25 daAuts
